 Dungeon Crawl Stone Soup version 0.24.0-123-gd5b16e6ec5 (webtiles) character file.

Game seed: 9407569377699609396, levelgen mode: deterministic

254 Destapler the Stinger (level 5, -7/45 HPs)
             Began as a Draconian Wanderer on Dec 17, 2019.
             Was a Follower of Makhleb.
             Killed from afar by an orc wizard (10 damage)
             ... with a magic dart
             ... on level 4 of the Dungeon.
             The game lasted 00:21:18 (3179 turns).

Destapler the Stinger (Draconian Wanderer)          Turns: 3179, Time: 00:21:19

Health: -7/45      AC:  5    Str: 13    XL:     5   Next: 90%
Magic:  8/8        EV:  9    Int: 14    God:    Makhleb [*.....]
Gold:   156        SH:  0    Dex: 11    Spells: 7/8 levels left

rFire    + . .     SeeInvis .   a - +0 dagger
rCold    . . .     Gourm    .   (no shield)
rNeg     . . .     Faith    .   (armour unavailable)
rPois    +         Spirit   .   (helmet restricted)
rElec    .         Reflect  .   (no cloak)
rCorr    .         Harm     .   (no gloves)
MR       .....                  (no boots)
Stlth    ++........             (no amulet)
HPRegen  0.15/turn              n - ring of protection from fire
MPRegen  0.11/turn              q - ring of poison resistance

@: about to teleport, constricted
A: unfitting armour, cold-blooded, AC +5
a: Renounce Religion


You were on level 4 of the Dungeon.
You worshipped Makhleb.
Makhleb was aware of your devotion.
You were not hungry.

You visited 1 branch of the dungeon, and saw 4 of its levels.

You collected 156 gold pieces.

Inventory:

Hand Weapons
 a - a +0 dagger (weapon)
Missiles
 d - 103 stones
 e - 24 poisoned darts (quivered)
Jewellery
 n - a ring of protection from fire (left hand)
 q - a ring of poison resistance (right hand)
Wands
 s - a wand of random effects (22)
Scrolls
 c - 2 scrolls of identify
 g - a scroll of blinking {unknown}
 h - 2 scrolls of remove curse
 i - a scroll of enchant armour
 j - a scroll of amnesia
 y - a scroll of noise {unknown}
Potions
 m - a potion of berserk rage {unknown}
 o - a potion of degeneration {unknown}
 p - a potion of haste {unknown}
 t - a potion of might
 u - 2 potions of heal wounds
 v - a potion of flight {unknown}
 w - a potion of lignification {unknown}
Comestibles
 f - 8 rations


   Skills:
 + Level 3.6 Fighting
 + Level 2.8 Short Blades
 - Level 2.0 Dodging
 + Level 2.2 Stealth
 + Level 2.1 Spellcasting
   Level 1.0 Ice Magic
 + Level 5.1 Poison Magic
 + Level 0.7 Invocations
 + Level 0.6 Evocations


You had 7 spell levels left.
You knew the following spells:

 Your Spells              Type           Power        Failure   Level  Hunger
a - Sting                 Conj/Pois      #...         9%          1    #......

Your spell library contained the following spells:

 Spells                   Type           Power        Failure   Level  Hunger
 Poisonous Vapours        Pois/Air       #.....       12%         2    ###....
 Olgreb's Toxic Radiance  Pois           ###.....     28%         4    #####..
 Mephitic Cloud           Conj/Pois/Air  #.......     34%         3    ###....
 Venom Bolt               Conj/Pois      #.........   92%         5    ######.


Dungeon Overview and Level Annotations

Branches:
Dungeon (4/15)
 Temple: D:4-7

Altars:
Gozag
Kikubaaqudgha
Makhleb
Nemelex Xobeh
Okawaru
Qazlal
Ru
Trog
Wu Jian
Zin


Innate Abilities, Weirdness & Mutations

Your plain brown scales are hard. (AC +5)
You cannot fit into any form of body armour.
You are cold-blooded and may be slowed by cold attacks.


Message History

The iguana barely misses you.
The orc hits you with a +1 dagger of protection.
The leopard gecko bites you.
* * * LOW HITPOINT WARNING * * *
The ball python closely misses you. The ball python grabs you.
The ball python constricts you. The orc priest completely misses you.
The orc wizard curses repeatedly, as Orcs often do.
The orc wizard casts a spell at you. The magic dart hits you!
* * * LOW HITPOINT WARNING * * *
As you read the scroll labeled CUPLEY ICZEQA, it crumbles to dust.
The scroll dissolves into smoke.
It was a scroll of fog.
The leopard gecko bites you but does no damage.
The orc closely misses you.
The iguana bites you but does no damage.
The orc hits you with a +1 dagger of protection.
* * * LOW HITPOINT WARNING * * *
The orc wizard gestures at you while chanting.
The magic dart hits you!
You die...

...# ..............#
..#### ..............
.....#..............#
###......##........#
# #.#...###........##
.%# .####.........#
..## #........o.###
.#. ..#....Sol.# .#.
#....o@ยง.# ...
.......loo## ...
##......#... ...
........#..... ...
#.##...........# ...
..#............# ...
######......## ...
...... ##.


You could see an iguana, 2 orc priests, an orc wizard, 2 orcs, a leopard gecko
and a ball python.

Vanquished Creatures
  Natasha (thrice) (D:2)
  A hound skeleton (D:4)
  Robin (D:3)
  5 adders
  2 oozes (D:1)
  5 worms
  2 dart slugs (D:1)
  A leopard gecko (D:2)
  An orc (D:3)
  2 ball pythons
  9 bats
  14 goblins
  8 hobgoblins
  8 jackals
  2 quokkas (D:3)
  2 frilled lizards
  13 kobolds
  4 rats
83 creatures vanquished.

Notes
Turn   | Place    | Note
-------+----------+-------------------------------------------
     0 | D:1      | Destapler the Draconian Wanderer began the quest for the
                  | Orb.
     0 | D:1      | Destapler set off with the following items: a +0 club, a +0
                  | dagger, a ration; and the following spell memorised: Sting;
                  | and the following spells available to memorise: Poisonous
                  | Vapours, Mephitic Cloud, Olgreb's Toxic Radiance, Venom
                  | Bolt
     0 | D:1      | Reached XP level 1. HP: 14/14 MP: 3/3
    87 | D:1      | Reached skill level 1 in Fighting
    88 | D:1      | Reached XP level 2. HP: 23/23 MP: 5/5
   102 | D:1      | Reached skill level 1 in Dodging
   377 | D:1      | Reached XP level 3. HP: 27/29 MP: 3/6
   905 | D:2      | Found an opulent altar of Gozag.
   980 | D:2      | Reached skill level 1 in Short Blades
  1130 | D:2      | Reached XP level 4. HP: 36/36 MP: 4/7
  1265 | D:2      | Noticed Natasha
  1275 | D:2      | Killed Natasha
  1529 | D:2      | Found a sparkling altar of Nemelex Xobeh.
  1530 | D:2      | Found a burning altar of Makhleb.
  1530 | D:2      | Found a stormy altar of Qazlal.
  1530 | D:2      | Found a bloodstained altar of Trog.
  1531 | D:2      | Found an ornate altar of the Wu Jian Council.
  1534 | D:2      | Found a glowing silver altar of Zin.
  1535 | D:2      | Found an ancient bone altar of Kikubaaqudgha.
  1552 | D:2      | Became a worshipper of Makhleb the Destroyer
  1603 | D:2      | Noticed Natasha
  1609 | D:2      | Killed Natasha
  1609 | D:2      | Reached XP level 5. HP: 45/45 MP: 3/8
  1788 | D:2      | Noticed Natasha
  1797 | D:2      | Killed Natasha
  1981 | D:2      | Found an iron altar of Okawaru.
  2205 | D:3      | Found a sacrificial altar of Ru.
  2788 | D:3      | Noticed Robin
  2802 | D:3      | Killed Robin
  2806 | D:3      | Reached * piety under Makhleb
  3179 | D:4      | Killed from afar by an orc wizard

Levels and vault maps discovered:
D:1:      dpeg_arrival_connections, layout_basic
D:2:      layout_loops_ring, grunt_gozag_statues, minitemple, marbit_many_paths,
          uniq_natasha
D:3:      layout_basic, nicolae_ru_awakened_eye, uniq_robin
D:4:      layout_cave_pools, uniq_pikel

Skill      XL: |  1  2  3  4 |
---------------+-------------+-----
Stealth        | 2 |  2.2
Fighting       | 1 2 3 |  3.6
Dodging        | 1 2 |  2.0
Short Blades   | 1 2 |  2.8
Spellcasting   | |  2.1
Ice Magic      | |  1.0
Poison Magic   | |  5.1
Invocations    | |  0.7
Evocations     | |  0.6

Action                   |  1- 3 |  4- 6 || total
-------------------------+-------+-------++-------
Melee: Club              |    41 |       ||    41
       Tailslap          |    13 |     8 ||    21
       Dagger            |    58 |   111 ||   169
Throw: Dart              |       |     7 ||     7
 Cast: Sting             |    26 |    79 ||   105
  Use: Scroll            |       |     9 ||     9
 Stab: Sleeping          |     5 |     2 ||     7
  Eat: Chunk             |     1 |     9 ||    10
Armor: Skin              |    33 |    38 ||    71
Dodge: Dodged            |    80 |    74 ||   154
